 Dungeon Crawl Stone Soup version 0.29.1-1-gd02db6906a (webtiles) character file.

Game seed: 34000633167620331

70 GigaChad the Covered (level 4, -1/40 HPs)
             Began as a Minotaur Fighter on Sept 19, 2022.
             Slain by a goblin
             ... wielding a +0 whip
             ... led by Robin
              (2 damage)
             ... on level 3 of the Dungeon.
             The game lasted 00:03:59 (1652 turns).

GigaChad the Covered (Minotaur Fighter)             Turns: 1652, Time: 00:03:59

Health: -1/40      AC:  7    Str: 23    XL:     4   Next: 3%
Magic:  3/3        EV:  9    Int:  5    God:
Gold:   66         SH:  5    Dex:  9    Spells: 3/3 levels left

rFire   . . .      SeeInvis .   a - +0 long sword (flame)
rCold   . . .      Faith    .   c - +1 buckler
rNeg    . . .      Spirit   .   b - +0 scale mail
rPois   .          Reflect  .   (helmet restricted)
rElec   .          Harm     .   (no cloak)
rCorr   .          Rampage  .   (no gloves)
Will    .....                   (no boots)
Stlth   ..........              (no amulet)
HPRegen 0.13/turn               (no ring)
MPRegen 0.08/turn               (no ring)

@: no status effects
A: horns 2, retaliatory headbutt
a: no special abilities


You were on level 3 of the Dungeon.
You visited 1 branch of the dungeon, and saw 3 of its levels.

You collected 66 gold pieces.

Inventory:

Hand Weapons
 a - a +0 long sword of flaming (weapon)
Armour
 b - a +0 scale mail (worn)
 c - a +1 buckler (worn)
Scrolls
 f - a scroll of blinking {unknown}
 h - a scroll of immolation
 i - a scroll of identify
 l - a scroll of silence {unknown}
 p - a scroll of teleportation
Potions
 d - a potion of might
 e - a potion of berserk rage
 g - a potion of resistance {unknown}
 j - a potion of heal wounds {unknown}
 k - 2 potions of attraction {unknown}
 n - a potion of curing {unknown}
 o - 2 potions of flight {unknown}


   Skills:
 + Level 4.1 Fighting
 + Level 3.7 Long Blades
 + Level 4.2 Armour
 + Level 0.5 Dodging
 + Level 0.2 Stealth
 + Level 4.1 Shields


You had 3 spell levels left.
You didn't know any spells.
Your spell library was empty.

Dungeon Overview and Level Annotations

Branches:
Dungeon (3/15)

Altars:
Sif Muna
Trog


Innate Abilities, Weirdness & Mutations

You have a pair of horns on your head.
You reflexively headbutt those who attack you in melee.


Message History

You hit the goblin but do no damage. The goblin hits you with a +0 club.
The goblin hits you but does no damage. You block the goblin's attack.
Robin roars a battlecry!
The goblins go into a battle-frenzy!
You hit the goblin. You burn the goblin.
You kill the goblin!
You block the goblin's attack. The goblin completely misses you.
You furiously retaliate!
You headbutt the goblin, but do no damage.
You have reached level 4!
You feel stronger.
You hit the goblin. You burn the goblin.
You kill the goblin!
The goblin hits you with a +0 whip. Robin hits you with a +0 mace.
The goblin unwields a +0 whip.
The goblin wields a +0 sling.
The goblin shoots a sling bullet.
You block the sling bullet.
Items here: )) ? ††.
You barely miss Robin. You block Robin's attack.
The goblin shoots a sling bullet.
The sling bullet hits you but does no damage.
Robin zaps a wand.
The puff of flame hits you!
* * * LOW HITPOINT WARNING * * *
You hit Robin. You burn Robin.
Robin is heavily wounded.
Robin zaps a wand.
The puff of flame hits you.
* * * LOW HITPOINT WARNING * * *
The goblin unwields a +0 sling.
The goblin wields a +0 whip.
The goblin barely misses you.
You hit Robin. You burn Robin.
Robin is severely wounded.
Robin barely misses you. The goblin hits you with a +0 whip!
* * * LOW HITPOINT WARNING * * *
You hit Robin. You burn Robin. Your headbutt misses Robin.
Robin is almost dead.
Robin hits you but does no damage. You block the goblin's attack.
You hit Robin. You burn Robin.
You kill Robin!
The goblin hits you with a +0 whip.
You die...

.......
.......
.......
.......
.......
....... ###
...).?.##.#
..).
......)@g)#
....
.......##.#
... .......
#.# ..#
....... #)#
..# .#..###
#.# ..+
...# #.#
..# ... #.#
.<# ## #)#
..# #.#


You could see a goblin (strong).

Vanquished Creatures
  Robin (D:3)
  An adder (D:2)
  2 worms (D:2)
  6 ball pythons
  4 endoplasms
  4 giant cockroaches
  13 goblins
  5 hobgoblins
  A quokka (D:1)
  5 bats (D:1)
  5 kobolds (D:1)
  4 rats
51 creatures vanquished.

Notes
Turn   | Place    | Note
-------+----------+-------------------------------------------
     0 | D:1      | GigaChad the Minotaur Fighter began the quest for the Orb.
     0 | D:1      | Reached XP level 1. HP: 19/19 MP: 0/0
   141 | D:1      | Reached XP level 2. HP: 27/27 MP: 1/1
   596 | D:1      | Found a faded altar of an unknown god.
   774 | D:1      | Reached XP level 3. HP: 33/33 MP: 2/2
  1186 | D:2      | Found a shimmering blue altar of Sif Muna.
  1512 | D:3      | Found a bloodstained altar of Trog.
  1639 | D:3      | Noticed Robin
  1646 | D:3      | Reached XP level 4. HP: 23/40 MP: 3/3
  1650 | D:3      | HP: 1/40 [goblin/+0 whip[Robin] (8)]
  1652 | D:3      | Killed Robin
  1652 | D:3      | Slain by a goblin

Illustrated notes

Levels and vault maps discovered:
D:1:      wander_arrival_peaceful_grave, layout_basic,
          ebering_ecumenical_altar_hall, minmay_unequal
D:2:      layout_basic, basic_altar, chequers_serial_rivers_large_b
D:3:      layout_basic, mainiacjoe_overflow_24_doors,
          mainiacjoe_overflow_two_lobes, uniq_robin

Skill      XL: |  1  2  3 |
---------------+----------+-----
Armour         | 4 |  4.2
Fighting       | 4 |  4.1
Long Blades    | 3 |  3.7
Shields        | 4 |  4.1
Dodging        | |  0.5
Stealth        | |  0.2

Action                   |  1- 3 |  4- 6 || total
-------------------------+-------+-------++-------
Melee: Long sword        |   106 |     6 ||   112
       Headbutt          |    16 |       ||    16
  Use: Scroll            |     6 |       ||     6
Armor: Scale mail        |    63 |     2 ||    65
Dodge: Dodged            |    58 |     2 ||    60
Block: Buckler           |    20 |     3 ||    23
